[Event "Titled Tuesday Blitz March 14 Early 2023"]
[White "Pranav, V"]
[Black "Seo, Jung Min"]
[WhiteFideId "25060783"]
[BlackFideId "1734687"]
[WhiteElo "2500"]
[BlackElo "2468"]
[Result "1/2-1/2"]
[Round "04"]
[TimeControl "180+2"]
[Date "2023.03.14"]
[WhiteClock "0:00:06"]
[BlackClock "0:00:04"]

1. d4 Nf6 2. Bf4 d5 3. e3 c5 4. c3 Nc6 5. Nd2 Bf5 6. Ngf3 e6 7. Qb3 Qb6 8. h3 h6 9. Be2 c4 10. Qxb6 axb6 11. O-O b5 12. a3 Be7 13. Ne5 O-O 14. g4 Bh7 15. Kg2 Nxe5 16. Bxe5 Nd7 17. Bg3 Nb6 18. f4 Na4 19. Ra2 Bc2 20. Bd1 Bxd1 21. Rxd1 Nb6 22. Raa1 Na4 23. Rab1 Bxa3 24. bxa3 Nxc3 25. Rdc1 Nxb1 26. Nxb1 Ra4 27. Be1 Rfa8 28. Kf3 Kf8 29. Rc2 Ke8 30. Rb2 Kd7 31. Rxb5 Kc6 32. Rb2 b5 33. Bb4 R4a6 34. Ke2 f6 35. Kd2 Re8 36. Nc3 e5 37. fxe5 fxe5 38. Bc5 exd4 39. exd4 Rb8 40. Rb1 Rb7 41. Re1 Rf7 42. Re6+ Kb7 43. Rxa6 Kxa6 44. Nxd5 Rf3 45. h4 Ka5 46. Bb4+ Ka4 47. Nc3+ Kb3 48. Nxb5 Rf4 49. d5 Rxg4 50. d6 Rg3 51. Nd4+ Kb2 52. Ne2 Rd3+ 53. Ke1 g5 54. hxg5 hxg5 55. Nc3 Kb3 56. Ne4 Rd5 57. d7 c3 58. Bxc3 Rxd7 59. Nc5+ Kxc3 60. Nxd7 Kb3 61. Ne5 Kxa3 62. Kf2 Ka4 63. Kg3 Kb5 64. Kg4 Ka6 65. Kxg5 1/2-1/2


[Site "https://www.chess.com"]

[Event "Titled Tuesday Blitz March 14 Early 2023"]
[White "Liyanage, Ranindu Dilshan"]
[Black "Le, Tuan Minh"]
[WhiteFideId "9915834"]
[BlackFideId "12401153"]
[WhiteElo "2199"]
[BlackElo "2558"]
[Result "0-1"]
[Round "04"]
[TimeControl "180+2"]
[Date "2023.03.14"]
[WhiteClock "0:00:32"]
[BlackClock "0:00:15"]

1. e4 c5 2. Nc3 Nc6 3. Bb5 Nd4 4. Bc4 e6 5. Nge2 a6 6. a4 Qc7 7. d3 Nf6 8. O-O b6 9. Nxd4 cxd4 10. Ne2 Nxe4 11. Nxd4 Nf6 12. Re1 Bc5 13. Nf3 Bb7 14. Bg5 Ng4 15. d4 Bb4 16. c3 Qxc4 17. cxb4 O-O 18. h3 Nf6 19. Ne5 Qd5 20. Qf3 Qxf3 21. gxf3 Nd5 22. Nxd7 Rfc8 23. Rec1 f6 24. Bd2 Bc6 25. Nc5 bxc5 26. dxc5 Rcb8 27. Rc4 Kf7 28. Kf1 Rb7 29. Rh4 h6 30. Rb1 Bxa4 31. Rc1 Bc6 32. Ke1 e5 33. Rcc4 Rab8 34. Bc3 g5 35. Rxh6 Kg7 36. Rh5 Kg6 0-1


[Site "https://www.chess.com"]

[Event "Titled Tuesday Blitz March 14 Early 2023"]
[White "Van Foreest, Jorden"]
[Black "Maatman, Nick"]
[WhiteFideId "1039784"]
[BlackFideId "1040391"]
[WhiteElo "2633"]
[BlackElo "2694"]
[Result "1-0"]
[Round "04"]
[TimeControl "180+2"]
[Date "2023.03.14"]
[WhiteClock "0:01:54"]
[BlackClock "0:00:12"]

1. e4 e6 2. d4 d5 3. Nc3 Bb4 4. e5 Ne7 5. a3 Bxc3+ 6. bxc3 c5 7. Qg4 cxd4 8. Qxg7 Rg8 9. Qxh7 Qc7 10. Qd3 Qxe5+ 11. Ne2 dxc3 12. Qxc3 Nbc6 13. Qxe5 Nxe5 14. Ng3 Bd7 15. Nh5 Kd8 16. Bb2 N7c6 17. Be2 Ke7 18. Rg1 Rac8 19. g4 f5 20. g5 Ng4 21. h3 Rxg5 22. hxg4 e5 23. f4 Rg6 24. fxe5 fxg4 25. Nf4 Rg5 26. Nxd5+ Ke6 27. Nf4+ Kf5 28. Bd3+ Kxf4 29. Bc1+ Kf3 30. Rf1+ Kg2 31. Be4+ Kh2 32. Bf4+ Kh3 33. Rh1# 1-0


[Site "https://www.chess.com"]

[Event "Titled Tuesday Blitz March 14 Early 2023"]
[White "Sjugirov, Sanan"]
[Black "Krysa, Leandro"]
[WhiteFideId "4189302"]
[BlackFideId "116807"]
[WhiteElo "2569"]
[BlackElo "2485"]
[Result "1/2-1/2"]
[Round "04"]
[TimeControl "180+2"]
[Date "2023.03.14"]
[WhiteClock "0:00:04"]
[BlackClock "0:00:05"]

1. d4 Nf6 2. c4 g6 3. Nc3 d5 4. cxd5 Nxd5 5. e4 Nxc3 6. bxc3 Bg7 7. Bc4 c5 8. Ne2 Nc6 9. Be3 O-O 10. O-O b6 11. Rc1 Bb7 12. Qd2 e6 13. Bb5 Rc8 14. Rfd1 cxd4 15. cxd4 Qd6 16. Bf4 e5 17. dxe5 Qxd2 18. Rxd2 Nxe5 19. Rxc8 Rxc8 20. f3 h5 21. Kf2 a6 22. Ba4 b5 23. Bb3 Nc4 24. Rd7 Bc6 25. Ra7 a5 26. a4 Bf8 27. Kg3 Bc5 28. Rc7 Rxc7 29. Bxc7 Nd2 30. axb5 Bxb5 31. Bd1 Nf1+ 32. Kf4 Ne3 33. Nc3 Bd7 34. g4 hxg4 35. Bxa5 Nc4 36. Bc7 Bg1 37. Kg3 gxf3 38. Bxf3 Bd4 39. Nd5 Kg7 40. h4 Be5+ 41. Bxe5+ Nxe5 42. Be2 Be6 43. Nf4 Kf6 44. Ng2 Bc4 45. Bd1 Bd3 46. Kf4 Bf1 47. Ne3 Bc4 48. Bc2 Be6 49. Bb1 Nd7 50. Bc2 Ne5 51. Bb1 Nc6 52. Bd3 Ne5 53. Be2 Nd7 54. Bg4 Ne5 55. Be2 Bd7 56. h5 gxh5 57. Bxh5 Be6 58. Be2 Nd7 59. Bg4 Bxg4 60. Nxg4+ Ke6 61. Ne3 f6 62. Ng4 Nc5 63. Nxf6 Kxf6 64. e5+ Ke6 65. Ke3 Kxe5 1/2-1/2


[Site "https://www.chess.com"]

[Event "Titled Tuesday Blitz March 14 Early 2023"]
[White "Samant Aditya S"]
[Black "Steinberg, Nitzan"]
[WhiteFideId "35080580"]
[BlackFideId "2801795"]
[WhiteElo "2362"]
[BlackElo "2486"]
[Result "0-1"]
[Round "04"]
[TimeControl "180+2"]
[Date "2023.03.14"]
[WhiteClock "0:00:02"]
[BlackClock "0:00:40"]

1. e4 c5 2. Nf3 e6 3. d4 cxd4 4. Nxd4 Nc6 5. Nc3 Qc7 6. f4 a6 7. Nxc6 bxc6 8. Bd3 d5 9. O-O Bc5+ 10. Kh1 Nf6 11. e5 Nd7 12. Qh5 g6 13. Qh6 Bf8 14. Qh4 Bb7 15. Na4 c5 16. b3 h5 17. c4 Be7 18. Qf2 d4 19. Re1 Bc6 20. Be4 Qb7 21. Qf3 Bxe4 22. Qxe4 Qxe4 23. Rxe4 Kd8 24. Bd2 a5 25. Kg1 Kc7 26. Kf2 Nb6 27. Nxb6 Kxb6 28. a4 Kc6 29. Ke2 h4 30. Kd3 Rh5 31. Rf1 Rf5 32. Rf3 Kb6 33. Rh3 Rh5 34. Re1 Rah8 35. Rf1 R8h7 36. Rff3 g5 37. fxg5 Bxg5 38. Bxg5 Rxg5 39. g3 Rxe5 40. Rxh4 Rxh4 41. gxh4 f5 42. h5 f4 43. Rxf4 Rxh5 44. Rf6 Rh3+ 45. Ke4 Re3+ 46. Kf4 Re1 47. Rg6 d3 48. Rg2 e5+ 49. Kf5 e4 50. Kf4 e3 0-1


[Site "https://www.chess.com"]

[Event "Titled Tuesday Blitz March 14 Early 2023"]
[White "Ibarra Jerez, Jose Carlos"]
[Black "Csonka, Balazs"]
[WhiteFideId "2226332"]
[BlackFideId "742910"]
[WhiteElo "2638"]
[BlackElo "2404"]
[Result "0-1"]
[Round "04"]
[TimeControl "180+2"]
[Date "2023.03.14"]
[WhiteClock "0:00:02"]
[BlackClock "0:00:05"]

1. e4 e6 2. d4 d5 3. Nc3 dxe4 4. Nxe4 Nd7 5. Bd3 Ngf6 6. Qe2 c5 7. Nxf6+ Nxf6 8. dxc5 Bxc5 9. Bg5 h6 10. Bb5+ Bd7 11. Bxd7+ Qxd7 12. Bxf6 gxf6 13. Nf3 O-O-O 14. O-O Qc7 15. c4 f5 16. a3 Be7 17. c5 Bf6 18. Rac1 Kb8 19. Rfe1 Rd5 20. b4 Rhd8 21. g3 Rd3 22. b5 Bc3 23. b6 Qxc5 24. bxa7+ Kxa7 25. Rf1 Qd5 26. Ne1 Bxe1 27. Rfxe1 Rd2 28. Qh5 Qd4 29. Rf1 Qf6 30. Rc7 R8d7 31. Rc4 R2d4 32. Rfc1 Rxc4 33. Rxc4 Kb8 34. Kg2 Qe5 35. Rf4 Qd5+ 36. Kh3 Qd6 37. Qxh6 Qxa3 38. Qh8+ Ka7 39. Qe5 Rd5 40. Qe2 Qd6 41. Ra4+ Kb8 42. Rh4 Qd7 43. Rh8+ Kc7 44. Qc2+ Kb6 45. Qe2 e5 46. Rh4 f4+ 47. Kg2 fxg3 48. hxg3 Rd4 49. Rh6+ Rd6 50. Rh4 Qc6+ 51. Kh2 f6 52. Rb4+ Ka7 53. Qa2+ Kb8 54. Qg8+ Kc7 55. Qf7+ Rd7 56. Qb3 Qd6 57. Rc4+ Kd8 58. Rh4 Re7 59. Qc4 Qc6 60. Rh8+ Kc7 61. Qd3 Rd7 62. Qe3 e4 63. Rh4 f5 64. Qf4+ Qd6 65. Qxf5 e3 66. Rc4+ Kb6 67. Qb1+ Ka7 68. Qa2+ Kb8 69. fxe3 Qh6+ 70. Kg2 Qxe3 71. Rc2 Qe4+ 72. Kg1 Rd1+ 73. Kf2 Qe1+ 74. Kf3 Rd3+ 75. Kf4 Qxg3+ 76. Ke4 Qf3+ 77. Ke5 Re3+ 78. Kd4 Re4+ 79. Kc5 Qf5+ 80. Kb6 Re6+ 81. Qxe6 Qxe6+ 82. Ka5 Qa6+ 83. Kb4 Qb6+ 84. Kc3 Kc7 85. Kd3+ Kd6 86. Re2 Qb5+ 87. Kd2 Kd5 88. Re3 Qb2+ 89. Kd1 b5 90. Rh3 Qb1+ 91. Kd2 Qb2+ 92. Kd1 Qd4+ 93. Kc1 Kc4 94. Kb1 Qg1+ 95. Ka2 Qg2+ 96. Ka3 b4+ 97. Ka4 Qa8# 0-1


[Site "https://www.chess.com"]

[Event "Titled Tuesday Blitz March 14 Early 2023"]
[White "Timofeev, Artyom"]
[Black "Starozhilov, Leonid"]
[WhiteFideId "4140419"]
[BlackFideId "14106752"]
[WhiteElo "2586"]
[BlackElo "2402"]
[Result "1-0"]
[Round "04"]
[TimeControl "180+2"]
[Date "2023.03.14"]
[WhiteClock "0:00:09"]
[BlackClock "0:00:10"]

1. e4 g6 2. d4 Bg7 3. Nc3 d6 4. Bf4 a6 5. Qd2 b5 6. O-O-O Bb7 7. Nf3 e6 8. Bd3 Nd7 9. Kb1 h6 10. h3 Ne7 11. Rhe1 Nb6 12. a3 Qd7 13. Qe3 O-O-O 14. Nd2 Nc6 15. Nb3 e5 16. dxe5 Nxe5 17. Bxe5 Bxe5 18. Qd2 Qe6 19. f4 Bg7 20. Na5 Rhe8 21. Nxb7 Kxb7 22. Na2 Nc4 23. Bxc4 Qxc4 24. Qd5+ Qxd5 25. exd5 Kb6 26. Nb4 h5 27. g3 a5 28. Nd3 c5 29. dxc6 Kxc6 30. c3 Bf6 31. Kc2 Kc7 32. g4 hxg4 33. hxg4 g5 34. Rf1 Re7 35. fxg5 Bxg5 36. Rf5 Re2+ 37. Kb1 f6 38. Rxb5 a4 39. Nb4 Rh8 40. Nc2 Rhh2 41. Nd4 Reg2 42. Rb4 Kc8 43. Nf3 Rh3 44. Nxg5 fxg5 45. Rxa4 Rhh2 46. Rb4 Kc7 47. Rd5 Kc6 48. Rxg5 Rh1+ 49. Ka2 Rgg1 50. Rg8 Ra1+ 51. Kb3 Rh2 52. Rc8+ Kd5 53. g5 Rb1 54. Ka2 Rg1 55. Rd4+ Ke5 56. Re8+ Kf5 57. Rxd6 1-0


[Site "https://www.chess.com"]

[Event "Titled Tuesday Blitz March 14 Early 2023"]
[White "Salinas Herrera, Pablo"]
[Black "Matinian, Nikita"]
[WhiteFideId "3407128"]
[BlackFideId "24129100"]
[WhiteElo "2550"]
[BlackElo "2422"]
[Result "1-0"]
[Round "04"]
[TimeControl "180+2"]
[Date "2023.03.14"]
[WhiteClock "0:00:14"]
[BlackClock "0:00:03"]

1. d4 Nf6 2. Nf3 g6 3. Nbd2 d5 4. e3 c5 5. dxc5 Nbd7 6. b4 a5 7. c3 Bg7 8. Bb2 O-O 9. a3 Qc7 10. Be2 b6 11. cxb6 Nxb6 12. O-O Rd8 13. Qb3 Bd7 14. Rac1 Ba4 15. Qa2 Qb8 16. Qb1 h5 17. c4 axb4 18. axb4 dxc4 19. Be5 Qb7 20. Nxc4 Nbd5 21. Bd4 Rab8 22. Bc5 Nxb4 23. Bb6 Nbd5 24. Bxd8 Qxb1 25. Rxb1 Rxd8 26. Nb6 Nxb6 27. Rxb6 Ne4 28. Rb4 Nc3 29. Bc4 e6 30. h4 Bf8 31. Rb2 Bg7 32. Rd2 Rc8 33. Ba6 Ra8 34. Bb7 Rb8 35. Ba6 Ra8 36. Bd3 e5 37. Bc2 Bb5 38. Re1 e4 39. Nd4 Bxd4 40. exd4 f5 41. d5 Kg7 42. d6 Rd8 43. f3 Bd3 44. fxe4 Bxe4 45. Bb3 Kf6 46. Re3 Nb5 47. d7 Nc7 48. Ba4 Ne6 49. g3 Nc5 50. Bb5 Ke7 51. Rd4 Nxd7 52. Bxd7 Rxd7 53. Rxd7+ Kxd7 54. Kf2 Ke6 55. Ra3 Ke5 56. Ra5+ Kf6 57. Ke3 g5 58. Ra6+ Kg7 59. hxg5 Bb1 60. Kf4 Kh7 61. Rh6+ Kg7 62. Rxh5 1-0


[Site "https://www.chess.com"]

[Event "Titled Tuesday Blitz March 14 Early 2023"]
[White "Chen, Justin"]
[Black "Zhigalko, Sergei"]
[WhiteFideId "2098199"]
[BlackFideId "13502956"]
[WhiteElo "2289"]
[BlackElo "2626"]
[Result "0-1"]
[Round "04"]
[TimeControl "180+2"]
[Date "2023.03.14"]
[WhiteClock "0:00:01"]
[BlackClock "0:00:02"]

1. c4 e5 2. Nc3 Nf6 3. e3 Nc6 4. Nf3 Bb4 5. Qc2 d6 6. Nd5 Ba5 7. a3 Nxd5 8. cxd5 Ne7 9. Bc4 O-O 10. b4 Bb6 11. d3 Bg4 12. Bb2 a5 13. h3 Bxf3 14. gxf3 axb4 15. axb4 Rxa1+ 16. Bxa1 Nf5 17. Ke2 Qg5 18. d4 exd4 19. e4 Qg2 20. Re1 d3+ 21. Qxd3 Bxf2 22. Rb1 Bd4+ 23. Kd1 Ne3+ 24. Kc1 Bxa1 25. Rxa1 Nxc4 26. Qxc4 Qxf3 27. Ra7 b5 28. Qxc7 Qxe4 0-1


[Site "https://www.chess.com"]

[Event "Titled Tuesday Blitz March 14 Early 2023"]
[White "Gupta, Abhijeet"]
[Black "Ozates, Tuna"]
[WhiteFideId "5010608"]
[BlackFideId "6354521"]
[WhiteElo "2528"]
[BlackElo "2151"]
[Result "0-1"]
[Round "04"]
[TimeControl "180+2"]
[Date "2023.03.14"]
[WhiteClock "0:01:18"]
[BlackClock "0:02:04"]

1. d4 Nf6 2. Nf3 d5 3. Bf4 c5 4. e3 Nc6 5. Nbd2 cxd4 6. exd4 Bf5 7. c3 e6 8. Qb3 Bd6 9. Bg3 Rb8 10. Bb5 O-O 11. O-O a6 12. Be2 b5 13. Ne5 Bxe5 14. dxe5 Nd7 15. Nf3 Nc5 16. Qd1 b4 17. c4 d4 18. Nd2 d3 19. Bg4 Bg6 20. h4 h6 21. h5 Bh7 22. Kh2 Nd4 23. f4 Nc2 24. Qf3 Nxa1 25. Rxa1 Qd4 26. Rb1 Ne4 27. Be1 Nxd2 28. Bxd2 Qxc4 29. Rc1 Qxa2 30. f5 exf5 31. Bxf5 Bxf5 32. Qxf5 Qxb2 33. Rd1 Qc2 34. Qg4 Kh8 35. Bxh6 gxh6 36. Qf4 Rb6 37. Rc1 Qe2 0-1


[Site "https://www.chess.com"]

[Event "Titled Tuesday Blitz March 14 Early 2023"]
[White "Ozen, Bahadir"]
[Black "Fiorito, Francisco"]
[WhiteFideId "6337058"]
[BlackFideId "180165"]
[WhiteElo "2503"]
[BlackElo "2341"]
[Result "1-0"]
[Round "04"]
[TimeControl "180+2"]
[Date "2023.03.14"]
[WhiteClock "0:01:09"]
[BlackClock "0:00:14"]

1. d4 Nf6 2. Nf3 b6 3. e3 Bb7 4. b3 g6 5. Bb2 Bg7 6. Be2 O-O 7. c4 Ne4 8. O-O e6 9. Nc3 d6 10. Nxe4 Bxe4 11. Nd2 Bb7 12. Bf3 Bxf3 13. Qxf3 Nd7 14. Qc6 a5 15. Rad1 Ra7 16. Rfe1 Qe7 17. a3 Rd8 18. h3 Nb8 19. Qf3 c5 20. Ne4 Nc6 21. Nxc5 Nxd4 22. Bxd4 dxc5 23. Bxg7 Kxg7 24. Qc6 Rxd1 25. Rxd1 Qc7 26. Qe8 Qe7 27. Qc6 Qb7 28. Qd6 Qc7 29. a4 Qxd6 30. Rxd6 Rb7 31. f4 Kf6 32. e4 Ke7 33. e5 Rb8 34. Kf2 h5 35. g3 Rb7 36. Kf3 Rb8 37. Ke4 Rb7 38. g4 hxg4 39. hxg4 Rb8 40. Ke3 Rb7 41. Kf2 Rb8 42. Kg3 Rb7 43. Kh4 Rb8 44. Kg5 Rb7 45. f5 gxf5 46. gxf5 exf5 47. Kxf5 Rb8 48. Rc6 Rb7 49. Rd6 Rb8 50. Ke4 Rb7 51. Kd5 Rd7 52. Kc6 Rxd6+ 53. exd6+ Kd8 54. Kxb6 f5 55. Kxc5 Kd7 56. Kd5 f4 57. Ke4 f3 58. Kxf3 Kxd6 59. Ke4 Kc5 60. Kd3 Kb4 61. Kc2 Kc5 62. Kc3 Kb6 63. Kd4 Kc6 64. c5 Kc7 65. Kd5 Kd7 66. c6+ Kc7 67. Kc5 Kc8 68. Kb5 Kd8 69. Kxa5 Kc7 70. Kb5 Kb8 71. a5 Ka8 72. b4 Ka7 73. Kc5 Kb8 74. Kb6 Kc8 75. c7 Kd7 76. Kb7 Kd6 77. c8=Q Kd5 78. Qc3 1-0


[Site "https://www.chess.com"]

[Event "Titled Tuesday Blitz March 14 Early 2023"]
[White "Vakhlamov, Igor L."]
[Black "Shuvalova, Polina"]
[WhiteFideId "24126748"]
[BlackFideId "24171760"]
[WhiteElo "2400"]
[BlackElo "2297"]
[Result "1-0"]
[Round "04"]
[TimeControl "180+2"]
[Date "2023.03.14"]
[WhiteClock "0:00:38"]
[BlackClock "0:00:21"]

1. e4 c6 2. d4 d5 3. exd5 cxd5 4. c4 Nf6 5. Nc3 e6 6. c5 Nc6 7. Nf3 Ne4 8. Qc2 Nxc3 9. Qxc3 Be7 10. Bd3 O-O 11. O-O b6 12. b4 a5 13. b5 Nb4 14. c6 Nxd3 15. Qxd3 a4 16. a3 Qd6 17. Bd2 f6 18. Rfe1 Re8 19. Re2 Ra7 20. Bb4 Qf4 21. Bxe7 Raxe7 22. Rae1 Kh8 23. Qc3 h6 24. h3 Qf5 25. Qb4 Qf4 26. Qxa4 e5 27. Qb3 e4 28. Nd2 Qg5 29. a4 Ra7 30. Ra1 Re6 31. Qg3 Qxg3 32. fxg3 f5 33. Nf1 Ree7 34. Ne3 Be6 35. Rf2 g6 36. a5 Re8 37. Rfa2 Rea8 38. axb6 Rxa2 39. Rxa2 Rxa2 40. b7 1-0


[Site "https://www.chess.com"]

[Event "Titled Tuesday Blitz March 14 Early 2023"]
[White "Papasimakopoulos, Alexandros"]
[Black "Yuan, Qingyu"]
[WhiteFideId "4244125"]
[BlackFideId "8609772"]
[WhiteElo "2359"]
[BlackElo "2359"]
[Result "1/2-1/2"]
[Round "04"]
[TimeControl "180+2"]
[Date "2023.03.14"]
[WhiteClock "0:00:28"]
[BlackClock "0:00:04"]

1. d4 d5 2. c4 e6 3. Nc3 Be7 4. cxd5 exd5 5. Bf4 c6 6. e3 Bf5 7. g4 Be6 8. h4 Bxh4 9. Qb3 g5 10. Be5 f6 11. Qxb7 fxe5 12. Qxa8 exd4 13. exd4 Qb6 14. O-O-O Nf6 15. Re1 Kf7 16. Nf3 Re8 17. Rxh4 gxh4 18. Ng5+ Kg6 19. Rxe6 Kxg5 20. Rxe8 Nxe8 21. Nxd5 cxd5 22. Qxd5+ Kf6 23. Qe5+ Kf7 24. Bc4+ Kf8 25. Qh8+ Ke7 26. Qxh7+ Kd6 27. Qxh4 Qxd4 28. Qg3+ Ke7 29. Bb3 Nd7 30. g5 Nc5 31. Bc2 Nd6 32. Qe3+ Qxe3+ 33. fxe3 Nce4 34. Bxe4 Nxe4 35. Kc2 Nxg5 36. Kd3 Ke6 37. Kd4 Nf3+ 38. Kc5 Kd7 39. b4 Ne1 40. b5 Nd3+ 41. Kd4 Nb4 42. a4 Kc7 43. Kc4 Nc2 44. e4 Ne3+ 45. Kd4 Ng4 46. e5 Nh6 47. Kd5 Nf5 48. e6 Kb6 49. Ke5 Ne7 50. Kd6 Ng6 51. e7 Nxe7 52. Kxe7 Ka5 53. Kd6 Kxa4 54. Kc6 Ka5 55. Kc5 Ka4 56. b6 axb6+ 57. Kxb6 1/2-1/2


[Site "https://www.chess.com"]

[Event "Titled Tuesday Blitz March 14 Early 2023"]
[White "Mitrabha, Guha"]
[Black "Al-Tarboush, Ward"]
[WhiteFideId "5057000"]
[BlackFideId "7601450"]
[WhiteElo "2507"]
[BlackElo "2257"]
[Result "0-1"]
[Round "04"]
[TimeControl "180+2"]
[Date "2023.03.14"]
[WhiteClock "0:00:15"]
[BlackClock "0:00:12"]

1. d4 d5 2. Nc3 Nf6 3. Bf4 a6 4. e3 Bf5 5. f3 h5 6. Bd3 e6 7. Nge2 Bxd3 8. Qxd3 c5 9. O-O-O c4 10. Qd2 b5 11. Bg5 Qa5 12. Bxf6 gxf6 13. e4 b4 14. Nb1 Bh6 15. f4 dxe4 16. d5 exd5 17. Qxd5 Qxd5 18. Rxd5 Nc6 19. Nd2 c3 20. Nxe4 Ke7 21. Rhd1 Rhd8 22. Nd6 Kf8 23. Rxh5 Bg7 24. Rc5 cxb2+ 25. Kxb2 f5+ 26. Kb1 Nd4 27. Nb7 Rd7 28. Nxd4 Bxd4 29. Rc4 Rxb7 30. Rcxd4 Re8 31. R1d2 a5 32. Rd5 a4 33. Kb2 a3+ 34. Kb3 Re3+ 35. R5d3 Re4 36. g3 Kg7 37. Rd4 Re3+ 38. R2d3 Re1 39. Ka4 Rb1 40. Rb3 Rb2 41. Rdxb4 Ra7+ 42. Kb5 Rxa2 43. Kb6 Ra8 44. Kb7 Ra5 45. c4 Rxh2 46. Rb1 a2 47. Ra1 Rc2 48. Kb6 Ra8 49. Kb7 Ra3 50. Kb6 Rxg3 51. c5 Rgc3 52. Rb5 Kg6 53. Ra5 Rb3+ 54. Kc6 Rbc3 55. Kd6 Rd3+ 56. Ke7 Re2+ 57. Kf8 Rd8# 0-1


[Site "https://www.chess.com"]

[Event "Titled Tuesday Blitz March 14 Early 2023"]
[White "Aditya Mittal"]
[Black "Kim, Sergey"]
[WhiteFideId "35042025"]
[BlackFideId "13700570"]
[WhiteElo "2396"]
[BlackElo "2628"]
[Result "1-0"]
[Round "04"]
[TimeControl "180+2"]
[Date "2023.03.14"]
[WhiteClock "0:01:03"]
[BlackClock "0:00:54"]

1. d4 Nf6 2. c4 g6 3. Nc3 Bg7 4. e4 d6 5. Be2 O-O 6. Be3 e5 7. d5 a5 8. g4 Na6 9. h4 Nc5 10. f3 Bd7 11. h5 a4 12. Qd2 c6 13. Nh3 cxd5 14. cxd5 Rc8 15. Nf2 Qa5 16. Kf1 b5 17. Kg2 b4 18. Ncd1 Bb5 19. Bg5 Bxe2 20. Qxe2 a3 21. b3 Qb6 22. Ne3 h6 23. Bxf6 Bxf6 24. hxg6 fxg6 25. Rxh6 Kg7 26. Rah1 Rh8 27. Nc4 Qa6 28. Qe3 Rxh6 29. Qxh6+ Kf7 30. Qh7+ Bg7 31. Rh6 Nxb3 32. Qxg6+ Kg8 33. Qe6+ Kf8 34. Nxd6 1-0


[Site "https://www.chess.com"]

[Event "Titled Tuesday Blitz March 14 Early 2023"]
[White "Albornoz Cabrera, Carlos Daniel"]
[Black "Demin, Vladimir"]
[WhiteFideId "3518736"]
[BlackFideId "4167457"]
[WhiteElo "2501"]
[BlackElo "2626"]
[Result "1-0"]
[Round "04"]
[TimeControl "180+2"]
[Date "2023.03.14"]
[WhiteClock "0:00:08"]
[BlackClock "0:00:05"]

1. d4 d5 2. c4 e6 3. Nc3 Nf6 4. cxd5 exd5 5. Bg5 Be7 6. e3 h6 7. Bh4 Bg4 8. f3 Be6 9. Bd3 c5 10. Nge2 Nc6 11. O-O O-O 12. Bf2 Rc8 13. Nf4 a6 14. Nxe6 fxe6 15. Rc1 c4 16. Bb1 e5 17. dxe5 Nxe5 18. e4 dxe4 19. Nxe4 Qxd1 20. Rfxd1 b5 21. Bg3 Nc6 22. Nd6 Rcd8 23. Bf5 Nh5 24. Be6+ Kh7 25. Nf7 Rxd1+ 26. Rxd1 Nxg3 27. hxg3 Bc5+ 28. Kf1 Kg6 29. Rd7 Kf6 30. Bd5 Nb4 31. Nd8 Nxd5 32. Rxd5 Be7 33. Nc6 Rc8 34. Nd4 Bc5 35. Ne2 b4 36. g4 Be3 37. Rf5+ Kg6 38. Re5 Bd2 39. Rd5 c3 40. bxc3 bxc3 41. Kf2 Bg5 42. f4 Bf6 43. Rd6 Kf7 44. Rxa6 c2 45. Ra7+ Kg8 46. Kf3 c1=Q 47. Nxc1 Rxc1 48. a4 Rc3+ 49. Ke4 Kh7 50. a5 Rg3 51. a6 Rxg2 52. Rd7 Ra2 53. a7 Bh4 54. Kf3 Be1 55. f5 Bb4 56. f6 Kg8 57. Rxg7+ Kf8 58. Rb7 Bc5 59. Rb8+ Kf7 60. a8=Q Rxa8 61. Rxa8 Kxf6 62. Ra5 Be7 63. Rf5+ Kg6 64. Ke4 Bg5 65. Rb5 Bd2 66. Kf3 Bg5 67. Rb6+ Kg7 68. Ke4 Bd2 69. Kf5 Kf7 70. Rb7+ Kg8 71. Kg6 Kf8 72. Rd7 Bc1 73. Rf7+ Kg8 74. Rc7 1-0


[Site "https://www.chess.com"]

[Event "Titled Tuesday Blitz March 14 Early 2023"]
[White "Filgueira, Hernan"]
[Black "Pakleza, Zbigniew"]
[WhiteFideId "101770"]
[BlackFideId "1119290"]
[WhiteElo "2363"]
[BlackElo "2410"]
[Result "1/2-1/2"]
[Round "04"]
[TimeControl "180+2"]
[Date "2023.03.14"]
[WhiteClock "0:00:08"]
[BlackClock "0:00:05"]

1. c4 d6 2. Nc3 e5 3. Nf3 g6 4. g3 Bg7 5. d3 f5 6. Bg2 Nf6 7. Bg5 h6 8. Bxf6 Qxf6 9. O-O O-O 10. Rb1 a5 11. a3 c6 12. Nd2 Be6 13. Qc2 Nd7 14. e3 g5 15. b4 axb4 16. axb4 e4 17. d4 d5 18. cxd5 cxd5 19. f3 Qe7 20. fxe4 fxe4 21. Rxf8+ Rxf8 22. Qb3 Nb6 23. Rf1 Rc8 24. b5 Bf8 25. Na4 Nxa4 26. Qxa4 Rc3 27. Nb3 Qb4 28. Qxb4 Bxb4 29. Nc5 Bxc5 30. dxc5 Rxc5 31. Rf6 Bc8 32. Rb6 Kg7 33. Bf1 Rc2 34. h3 h5 35. Rd6 Rc5 36. Rd8 Kf6 37. Rd6+ Ke5 38. Rg6 g4 39. h4 Bf5 40. Rb6 Rc7 41. Kf2 Rf7 42. Ke1 Be6 43. Be2 Rc7 44. Kd2 Rf7 45. Ke1 Re7 46. Kd2 Rd7 47. Ke1 Kf6 48. Kd2 Ke7 49. Ke1 Rc7 50. Kd2 Kd7 51. Bd1 Ke7 52. Be2 Kf7 53. Bd1 Re7 54. Be2 Rc7 55. Bd1 Ke7 56. Be2 1/2-1/2


[Site "https://www.chess.com"]

[Event "Titled Tuesday Blitz March 14 Early 2023"]
[White "polandchessplayer"]
[Black "Real_OceanStorm"]
[WhiteElo "2609"]
[BlackElo "2805"]
[Result "0-1"]
[Round "04"]
[TimeControl "180+2"]
[Date "2023.03.14"]
[WhiteClock "0:00:03"]
[BlackClock "0:00:12"]

1. d4 Nf6 2. c4 e6 3. Nc3 d5 4. Nf3 c6 5. e3 Nbd7 6. Bd3 Be7 7. O-O O-O 8. b3 Qc7 9. Bb2 b6 10. Rc1 Bb7 11. Qe2 h6 12. e4 dxe4 13. Nxe4 c5 14. dxc5 Nxc5 15. Nxc5 Bxc5 16. Be5 Qe7 17. Rfd1 Rad8 18. Bb1 Rfe8 19. h3 Ba3 20. Rxd8 Rxd8 21. Rd1 Rxd1+ 22. Qxd1 Nd7 23. Bc3 a5 24. Qd3 f5 25. Ne5 Qg5 26. Qf1 Nxe5 27. Bxe5 Bc5 28. Kh2 Qd2 29. f3 h5 30. h4 Qe3 31. Bc7 Bc6 32. Qd1 Kf7 33. Bc2 f4 34. Be4 Qf2 35. Bd8 Bxe4 36. Qd7+ Kf8 37. Qxe6 Qg1+ 38. Kh3 Qh1# 0-1


[Site "https://www.chess.com"]

[Event "Titled Tuesday Blitz March 14 Early 2023"]
[White "Kalashian, David"]
[Black "Hambleton, Aman"]
[WhiteFideId "13302418"]
[BlackFideId "2606577"]
[WhiteElo "2490"]
[BlackElo "2511"]
[Result "1-0"]
[Round "04"]
[TimeControl "180+2"]
[Date "2023.03.14"]
[WhiteClock "0:01:15"]
[BlackClock "0:00:01"]

1. d4 Nf6 2. c4 e6 3. Nf3 b6 4. g3 Ba6 5. b3 Bb7 6. Bg2 Bb4+ 7. Bd2 c5 8. O-O O-O 9. Bf4 cxd4 10. Nxd4 Bxg2 11. Kxg2 Nc6 12. a3 Nxd4 13. axb4 Nf5 14. Nc3 Qc8 15. e4 Ne7 16. Bd6 Re8 17. e5 Qb7+ 18. Qf3 Qxf3+ 19. Kxf3 Nf5 20. Nb5 Nh5 21. Nc7 Nd4+ 22. Ke3 Nc2+ 23. Kf3 Nxa1 24. Rxa1 f5 25. Nxe8 Rxe8 26. Rxa7 g5 27. Rxd7 g4+ 28. Ke3 f4+ 29. gxf4 Ng7 30. c5 Nf5+ 31. Ke4 bxc5 32. bxc5 Ra8 33. c6 Ra1 34. c7 Re1+ 35. Kd3 Rd1+ 36. Kc2 1-0


[Site "https://www.chess.com"]

[Event "Titled Tuesday Blitz March 14 Early 2023"]
[White "Maksimenko, Viktor"]
[Black "Molina, Roberto Junio Brito"]
[WhiteFideId "13710478"]
[BlackFideId "2109450"]
[WhiteElo "2277"]
[BlackElo "2376"]
[Result "0-1"]
[Round "04"]
[TimeControl "180+2"]
[Date "2023.03.14"]
[WhiteClock "0:01:00"]
[BlackClock "0:00:25"]

1. d4 d5 2. c4 e6 3. Nf3 Nf6 4. g3 c6 5. Bg2 dxc4 6. Ne5 Bb4+ 7. Bd2 Qxd4 8. Bxb4 Qxe5 9. Nd2 b5 10. Bc3 Qc7 11. Bxf6 gxf6 12. Ne4 Ke7 13. Qd4 Qe5 14. Qd2 a5 15. f4 Qc7 16. Qd4 Nd7 17. O-O-O Rd8 18. Kb1 Rb8 19. Nc5 Nb6 20. Qxd8+ Qxd8 21. Rxd8 Kxd8 22. Bxc6 b4 23. Rd1+ Ke7 24. e4 e5 25. f5 Ba6 26. Nd7 Rd8 27. Nxb6 Rxd1+ 28. Kc2 Rh1 29. Nc8+ Bxc8 0-1


[Site "https://www.chess.com"]

[Event "Titled Tuesday Blitz March 14 Early 2023"]
[White "Galchenko, Matvey"]
[Black "Manukyan, Sargis A."]
[WhiteFideId "24175480"]
[BlackFideId "13303970"]
[WhiteElo "2404"]
[BlackElo "2187"]
[Result "1-0"]
[Round "04"]
[TimeControl "180+2"]
[Date "2023.03.14"]
[WhiteClock "0:00:15"]
[BlackClock "0:01:39"]

1. f4 d5 2. Nf3 Nc6 3. g3 Bg4 4. Bg2 Nf6 5. d3 Bxf3 6. Bxf3 e5 7. Nc3 Bb4 8. O-O Bxc3 9. bxc3 e4 10. Bg2 O-O 11. Rb1 b6 12. c4 dxc4 13. dxe4 Qd4+ 14. Qxd4 Nxd4 15. e5 Nxe2+ 16. Kh1 Nc3 17. Rb4 Nfd5 18. Rxc4 c5 19. Bd2 b5 20. Rxc3 Nxc3 21. Bxa8 Nxa2 22. Bd5 Rd8 23. e6 Kf8 24. Bxa2 Rxd2 25. exf7 Rxc2 26. Be6 Re2 27. f5 g6 28. Rd1 Ke7 29. Rd7+ 1-0


[Site "https://www.chess.com"]